 Dungeon Crawl Stone Soup version 0.22.0-38-g04b72b8 (webtiles) character file.

289 Folque the Magician (level 6, -5/52 HPs)
             Began as a Draconian Earth Elementalist on Aug 31, 2018.
             Slain by an iguana (11 damage)
             ... on level 4 of the Dungeon.
             The game lasted 00:15:07 (3278 turns).

Folque the Magician (Draconian Earth Elementalist)  Turns: 3278, Time: 00:15:08

Health: -5/52      AC:  6    Str: 10    XL:     6   Next: 9%
Magic:  0/12       EV: 12    Int: 18    God:
Gold:   107        SH:  0    Dex: 11    Spells: 4/13 levels left

rFire    . . .     SeeInvis .   e - +0 short sword
rCold    . . .     Gourm    .   (no shield)
rNeg     . . .     Faith    .   (armour unavailable)
rPois    .         Spirit   .   (helmet restricted)
rElec    .         Reflect  .   (no cloak)
rCorr    .         Harm     .   (no gloves)
MR       .....                  (no boots)
Stlth    ++........             (no amulet)
HPRegen  0.17/turn              (no ring)
MPRegen  0.13/turn              (no ring)

@: very slightly contaminated, drained
A: unfitting armour, cold-blooded, AC +6
a: no special abilities


You were on level 4 of the Dungeon.
You were not hungry.

You visited 1 branch of the dungeon, and saw 4 of its levels.

You collected 107 gold pieces.

Inventory:

Hand Weapons
 d - a +0 dagger
 e - a +0 short sword (weapon)
 n - a +2 hand axe of flaming
Missiles
 b - 72 stones (quivered)
Jewellery
 l - a cursed -2 ring of strength {unknown}
Wands
 t - a wand of random effects (30)
 u - a wand of iceblast (7)
Scrolls
 a - 3 scrolls of remove curse {unknown}
 i - a scroll of teleportation
 k - 2 scrolls of noise {unknown}
 o - 2 scrolls of identify {unknown}
 p - a scroll of immolation {unknown}
 r - a scroll of amnesia {unknown}
Potions
 f - a potion of heal wounds {unknown}
 g - a potion of agility {unknown}
 h - 2 potions of lignification {unknown}
 j - a potion of curing {unknown}
 m - a potion of degeneration {unknown}
 q - a potion of magic {unknown}
 v - a potion of mutation {unknown}
Comestibles
 c - 7 rations


   Skills:
 - Level 4.0(3.8) Fighting
 - Level 1.7(1.6) Dodging
 - Level 1.8(1.7) Stealth
 * Level 4.1(3.9) Spellcasting
 - Level 1.0(0.8) Transmutations
 + Level 1.6(1.5) Air Magic
 - Level 3.4(3.2) Earth Magic


You had 4 spell levels left.
You knew the following spells:

 Your Spells              Type           Power        Failure   Level  Hunger
a - Sandblast             Erth           ###...       3%          1    None
b - Passwall              Tmut/Erth      ##......     10%         2    ##.....
c - Stone Arrow           Conj/Erth      #.....       22%         3    ###....
d - Mephitic Cloud        Conj/Pois/Air  #.......     34%         3    ###....

Your spell library contained the following spells:

 Spells                   Type           Power        Failure   Level  Hunger
 Beastly Appendage        Tmut           #.....       11%         1    None
 Magic Dart               Conj           #...         16%         1    None
 Sticks to Snakes         Tmut           #.......     16%         2    ##.....
 Blink                    Tloc           N/A          22%         2    ##.....
 Call Imp                 Summ           #.......     22%         2    ##.....
 Slow                     Hex            #.......     22%         2    ##.....
 Spider Form              Tmut/Pois      #.........   36%         3    ###....
 Conjure Flame            Conj/Fire      #.......     41%         3    ###....
 Petrify                  Tmut/Erth      ##......     54%         4    ####...
 Ice Form                 Ice/Tmut       #.......     77%         4    ####...
 Lee's Rapid Deconstruct  Erth           ###.......   71%         5    ######.
 Blade Hands              Tmut           #.........   96%         5    ######.


Dungeon Overview and Level Annotations

Branches:
Dungeon (4/15)
 Temple: D:4-7

Altars:
Okawaru
Wu Jian
The Shining One


Innate Abilities, Weirdness & Mutations

Your plain brown scales are hard. (AC +6)
You cannot fit into any form of body armour.
You are cold-blooded and may be slowed by cold attacks.


Message History

The iguana is almost dead.
The iguana bites you!
* * * LOW HITPOINT WARNING * * *
You barely miss the iguana.
The iguana is almost dead.
The iguana bites you!
* * * LOW HITPOINT WARNING * * *
You closely miss the iguana.
The iguana is almost dead.
The iguana closely misses you.
Casting: Sandblast (safe; 3% risk of failure)
Confirm with . or Enter, or press ? or * to list all spells.
Aiming: Sandblast (safe; 3% risk of failure)
Press: ? - help, Shift-Dir - straight line, f/p - iguana
Aim: an iguana (almost dead)
The blast of sand hits the iguana.
The iguana is almost dead.
b - 72 stones The iguana bites you!
You die...

...########
.......@..##
.......l...#
...........#
..###....<##
+ #.....#
.........#
.........#
..........#
..........#


You could see an iguana.

Vanquished Creatures
  A centaur zombie (D:3)
  2 orc wizards
  Jessica (D:3)
  Ijyb (D:3)
  3 gnolls (D:3)
  5 adders
  An ooze (D:3)
  An adder skeleton (D:3)
  3 dart slugs
  4 orcs
  A ball python (D:3)
  2 giant cockroaches
  4 goblins
  6 hobgoblins
  7 jackals
  2 quokkas (D:2)
  2 bats
  4 frilled lizards
  8 kobolds
  9 rats
67 creatures vanquished.

Notes
Turn   | Place    | Note
-------+----------+-------------------------------------------
     0 | D:1      | Folque the Draconian Earth Elementalist began the quest for the Orb.
     0 | D:1      | Reached XP level 1. HP: 14/14 MP: 3/3
   351 | D:1      | Reached XP level 2. HP: 20/20 MP: 5/5
   668 | D:1      | Reached skill level 1 in Fighting
   995 | D:2      | Learned a level 2 spell: Passwall
  1248 | D:2      | Reached XP level 3. HP: 29/29 MP: 6/6
  1531 | D:2      | Learned a level 3 spell: Stone Arrow
  1585 | D:2      | Found an iron altar of Okawaru.
  1776 | D:3      | Reached XP level 4. HP: 35/37 MP: 5/8
  1957 | D:3      | Noticed Jessica
  1964 | D:3      | Killed Jessica
  1964 | D:3      | Reached XP level 5. HP: 46/46 MP: 4/9
  1976 | D:3      | Noticed Ijyb
  2312 | D:3      | Learned a level 3 spell: Mephitic Cloud
  2375 | D:3      | Killed Ijyb
  2532 | D:3      | Found a glowing golden altar of the Shining One.
  2541 | D:3      | Reached skill level 1 in Air Magic
  2621 | D:3      | Found an ornate altar of the Wu Jian Council.
  2954 | D:4      | Reached XP level 6. HP: 8/52 MP: 2/12
  3278 | D:4      | Slain by an iguana

Skill      XL: |  1  2  3  4  5 |
---------------+----------------+-----
Fighting       | 1 2 3 4 |  4.0
Spellcasting   | 3 4 |  4.1
Air Magic      | 1 |  1.6
Dodging        | |  1.7
Stealth        | |  1.8
Transmutations | |  1.0
Earth Magic    | |  3.4

Action                   |  1- 3 |  4- 6 || total
-------------------------+-------+-------++-------
Melee: Short sword       |    90 |   127 ||   217
       Unarmed           |     4 |       ||     4
       Tailslap          |     8 |    11 ||    19
       Dagger            |     1 |       ||     1
 Cast: Sandblast         |    24 |    41 ||    65
       Passwall          |     1 |     3 ||     4
       Stone Arrow       |       |     7 ||     7
  Use: Scroll            |       |     1 ||     1
 Stab: Sleeping          |     4 |     1 ||     5
  Eat: Chunk             |     3 |     6 ||     9
Armor: Skin              |    28 |    43 ||    71
Dodge: Dodged            |    61 |   113 ||   174
